 Dungeon Sprint DCSS version 0.29-a0-320-g9f8742066b (webtiles) character file.

Game seed: 10988897515146881831

2685 mhtbhm the Spear-Bearer (level 9, -2/90 HPs)
             Began as a Minotaur Fighter on Apr 2, 2022.
             Was a Priest of Okawaru.
             Slain by a death knight
             ... wielding a +0 glaive
              (15 damage)
             ... in the Dungeon (Sprint IX: "|||||||||||||||||||||||||||||").
             The game lasted 00:03:00 (946 turns).

mhtbhm the Spear-Bearer (Minotaur Fighter)           Turns: 946, Time: 00:03:01

Health: -2/90      AC: 13    Str: 24    XL:     9   Next: 38%
Magic:  10/12      EV: 16    Int:  5    God:    Okawaru [***...]
Gold:   0          SH:  0    Dex: 14    Spells: 8/8 levels left

rFire   . . .      SeeInvis .   l - +2 halberd (protect)
rCold   . . .      Faith    .   (shield currently unavailable)
rNeg    . . .      Spirit   .   b - +1 scale mail
rPois   .          Reflect  .   (helmet restricted)
rElec   .          Harm     .   n - +0 cloak
rCorr   .          Rampage  .   (no gloves)
Will    .....      NoTele   +   (no boots)
Stlth   ++........              (no amulet)
HPRegen 0.25/turn               p - +2 ring of evasion
MPRegen 0.13/turn               o - +3 ring of dexterity

@: mighty, heroic, hasted, invisible, very quick
A: horns 2, retaliatory headbutt
a: Renounce Religion, Heroism


You were in the Dungeon.
You worshipped Okawaru.
Okawaru was most pleased with you.
You visited 1 branch

Inventory:

Hand Weapons
 l - a +2 halberd of protection (weapon)
 m - a +0 trident
Armour
 b - a +1 scale mail (worn)
 c - a +0 buckler
 n - a +0 cloak (worn)
Jewellery
 o - a +3 ring of dexterity (right hand)
 p - a +2 ring of evasion (left hand)
Wands
 a - a wand of acid (1)
Scrolls
 j - a scroll of blinking
 k - 2 scrolls of amnesia
Potions
 h - 4 potions of magic


   Skills:
 + Level 12.3(17.3) Fighting
 + Level 13.4(18.4) Polearms
 + Level 13.2(18.2) Armour
 + Level 4.3(9.3) Dodging
 - Level 0.6(5.6) Stealth
 + Level 11.2(16.2) Shields
 * Level 6.2 Invocations
 + Level 2.2 Evocations


You had 8 spell levels left.
You didn't know any spells.
Your spell library was empty.

Dungeon Overview and Level Annotations

Branches:
Dungeon (1/1)

Altars:
Cheibriados
Dithmenos
Elyvilon
Fedhas
Gozag
Hepliaklqana
Kikubaaqudgha
Makhleb
Nemelex Xobeh
Okawaru
Qazlal
Ru
Sif Muna
Trog
Uskayaw
Vehumet
Wu Jian
Xom
Yredelemnul
Zin
The Shining One
Beogh
Jiyva
Lugonu


Innate Abilities, Weirdness & Mutations

You have a pair of horns on your head.
You reflexively headbutt those who attack you in melee.


Message History

You feel better.
You feel better.
The death knight mumbles some strange prayers to Yredelemnul against you.
Your body is wracked with pain!
* * * LOW HITPOINT WARNING * * *
Unknown command.
You feel better.
Aiming: Corrosive Bolt
Press: ? - help, Shift-Dir - straight line, f - death knight
Aim: a death knight, wielding a +0 glaive and wearing a +0 chain mail (71% to hit)
The bolt of acid hits the death knight!
The death knight is lightly wounded.
Unknown command.
Unknown command.
Aiming: Corrosive Bolt
Press: ? - help, Shift-Dir - straight line, f/p - death knight
Aim: a death knight, wielding a +0 glaive and wearing a +0 chain mail (lightly wounded, 71% to hit)
The bolt of acid hits the death knight!
The acid corrodes the death knight!
The death knight is moderately wounded.
The death knight mumbles some strange prayers to Yredelemnul against you.
You barely resist.
Unknown command.
Aiming: Corrosive Bolt
Press: ? - help, Shift-Dir - straight line, f/p - death knight
Aim: a death knight, wielding a +0 glaive and wearing a +0 chain mail (moderately wounded, covered in acid, 71% to hit)
The bolt of acid hits the death knight!
The death knight is moderately wounded.
The death knight offers itself to Yredelemnul, and fills with unholy energy.
Unknown command.
You fade into invisibility!
Unknown command.
The death knight mumbles some strange prayers to Yredelemnul against something.
Your body is wracked with pain!
* * * LOW HITPOINT WARNING * * *
There is a staircase leading out of the dungeon here.
Unknown command.
Okay, then.
You gain the combat prowess of a mighty hero.
The death knight hits you with a +0 glaive!
You die...

▓▓▓
▓<▓
▓.▓
▓@▓
▓p▓
▓)▓
▓.▓
▓.▓
▓.▓
▓.▓
▓)▓
▓'▓


You could see a death knight (reflects damage, can't see you, corroded).

Vanquished Creatures
  A two-headed ogre (D)
  A manticore (D)
  A kobold demonologist (D)
  A tengu conjurer (D)
  A hornet (D)
  3 trolls (D)
  A shadow (D)
  3 scorpions (D)
  A howler monkey (D)
  A gnoll shaman (D)
  A gnoll (D)
  2 bats (D)
  2 goblins (D)
  A kobold (D)
20 creatures vanquished.

Notes
Turn   | Place    | Note
-------+----------+-------------------------------------------
     0 | D        | mhtbhm the Minotaur Fighter began the quest for the Orb.
     0 | D        | Reached XP level 1. HP: 19/19 MP: 0/0
    39 | D        | Noticed a scorpion
    39 | D        | Noticed a scorpion
    39 | D        | Noticed a gnoll shaman
    39 | D        | Noticed a scorpion
    41 | D        | Reached XP level 2. HP: 28/28 MP: 1/1
    44 | D        | Killed a scorpion
    45 | D        | Reached XP level 3. HP: 31/37 MP: 2/2
    45 | D        | Reached XP level 4. HP: 37/44 MP: 3/3
    52 | D        | Killed a scorpion
    53 | D        | Reached skill level 5 in Polearms
    67 | D        | Reached XP level 5. HP: 16/52 MP: 4/4
    80 | D        | Found a snail-covered altar of Cheibriados.
    80 | D        | Found a shadowy altar of Dithmenos.
    80 | D        | Found a white marble altar of Elyvilon.
    80 | D        | Found a blossoming altar of Fedhas.
    80 | D        | Found an opulent altar of Gozag.
    80 | D        | HP: 1/53 [poisoned by a scorpion]
   100 | D        | Found a hazy altar of Hepliaklqana.
   101 | D        | Found a viscous altar of Jiyva.
   102 | D        | Found an ancient bone altar of Kikubaaqudgha.
   103 | D        | Found a corrupted altar of Lugonu.
   104 | D        | Found a burning altar of Makhleb.
   105 | D        | Found a sparkling altar of Nemelex Xobeh.
   106 | D        | Found an iron altar of Okawaru.
   107 | D        | Found a stormy altar of Qazlal.
   108 | D        | Found a sacrificial altar of Ru.
   109 | D        | Found a shimmering blue altar of Sif Muna.
   110 | D        | Found a bloodstained altar of Trog.
   111 | D        | Found a hide-covered altar of Uskayaw.
   112 | D        | Found a radiant altar of Vehumet.
   113 | D        | Found an ornate altar of the Wu Jian Council.
   114 | D        | Found a shimmering altar of Xom.
   115 | D        | Found a basalt altar of Yredelemnul.
   120 | D        | Became a worshipper of Warmaster Okawaru
   123 | D        | Found a glowing silver altar of Zin.
   124 | D        | Found a glowing golden altar of the Shining One.
   541 | D        | Noticed a shadow
   541 | D        | Noticed a troll
   541 | D        | Noticed a troll
   541 | D        | Noticed a hornet
   541 | D        | Noticed a two-headed ogre
   549 | D        | Killed a hornet
   550 | D        | Reached skill level 1 in Dodging
   550 | D        | Reached XP level 6. HP: 31/63 MP: 5/5
   551 | D        | Killed a shadow
   552 | D        | Reached skill level 10 in Armour
   552 | D        | Reached XP level 7. HP: 48/71 MP: 6/6
   555 | D        | Killed a troll
   555 | D        | Reached * piety under Okawaru
   556 | D        | Reached skill level 10 in Fighting
   556 | D        | Reached skill level 10 in Polearms
   556 | D        | Reached skill level 10 in Shields
   560 | D        | Killed a troll
   560 | D        | Reached ** piety under Okawaru
   561 | D        | Reached skill level 1 in Evocations
   561 | D        | Reached XP level 8. HP: 25/81 MP: 6/8
   563 | D        | Killed a two-headed ogre
   854 | D        | Noticed a manticore
   854 | D        | Noticed a tengu conjurer
   854 | D        | Noticed a troll
   854 | D        | Noticed a kobold demonologist
   854 | D        | Noticed a death knight
   854 | D        | Noticed a manticore
   861 | D        | Killed a manticore
   862 | D        | Reached XP level 9. HP: 43/90 MP: 11/11
   870 | D        | Killed a tengu conjurer
   870 | D        | Reached *** piety under Okawaru
   871 | D        | Reached skill level 5 in Invocations
   874 | D        | HP: 2/90 [troll (4)]
   875 | D        | Killed a troll
   876 | D        | Killed a kobold demonologist
   946 | D        | Slain by a death knight

Illustrated notes

Levels and vault maps discovered:
D:        linesprint [early_d, line_temple, items_1, d_10, items_2, lair_1,
          lair_end, items_3, orc_1, orc_end, items_4, d_15, swamp_1, shoals_1,
          snake_1, spider_1, d_20, vaults_1, items_5, swamp_end, shoals_end,
          snake_end, spider_end, vaults_end, d_27, items_6, zot_1, zot_end,
          crypt_end, forest_end, elf_end, slime_end, tomb_end, abyss_end,
          pan_hell_end]

Skill      XL: |  1  2  3  4  5  6  7  8  9 |
---------------+----------------------------+-----
Fighting       | 4 6 7 9 10 11 12 | 12.3
Armour         | 4 6 7 9 10 11 12 13 | 13.2
Shields        | 4 6 7 9 10 11 | 11.2
Polearms       | 3 4 6 9 11 12 13 | 13.4
Dodging        | 1 2 3 4 |  4.3
Invocations    | 2 4 6 |  6.2
Evocations     | 1 2 |  2.2
Stealth        | |  0.6

Action                   |  1- 3 |  4- 6 |  7- 9 || total
-------------------------+-------+-------+-------++-------
Melee: Trident           |    16 |    26 |       ||    42
       Headbutt          |       |     6 |     3 ||     9
       Halberd           |       |     6 |    29 ||    35
Invok: Heroism           |       |       |     1 ||     1
Evoke: Wand              |       |     2 |     7 ||     9
  Use: Potion            |       |     5 |     7 ||    12
       Scroll            |       |       |     1 ||     1
Armor: Scale mail        |     4 |     5 |    21 ||    30
Dodge: Dodged            |     5 |     7 |    30 ||    42
Block: Buckler           |     5 |    10 |       ||    15

Table legend: (Time is in decaauts)
 A = Elapsed time spent in this place.
 B = Non-inter-level travel time spent in this place.
 C = Inter-level travel time spent in this place.
 D = Time resting spent in this place.
 E = Time spent auto-exploring this place.
 F = Levels seen in this place.
 G = Mean time per level.
                   A        B        C        D        E       F      G
               +--------+--------+--------+--------+--------+-----+--------+
         Total |    949 |    949 |      0 |    648 |     26 |   1 |  949.0 |
       Dungeon |    949 |    949 |      0 |    648 |     26 |   1 |  949.0 |
               +--------+--------+--------+--------+--------+-----+--------+

Top non-repeatable levels by time:
       D: 949 daAuts
